AoeStats
← Marcelito1215

Arabia

509026205Analyzed
1v1 RM · 5d ago on Sep 25, 2026· 63m 31s· 2 players
Game mode
Random Map
Map size
Tiny (2 player)
Population
200
Speed
Normal
Resources
Standard
Victory
Conquest
Starting age
Dark Age
Ending age
Imperial Age
RankedLock teamsTeams togetherTeam positionsShared explorationLock speedFull tech treeHidden civsTurbo modeCheats
Victory
Defeat
🇦🇷 Ethiopians · Argentina
596
+17
🇺🇸 Romans · United States
621
-17
Marcelito1215
10:58 Feudal Age
13:24 Double-Bit Axe
13:57 Fletching
15:49 Padded Archer Armor
15:56 Gold Mining
24:24 Castle Age
22:11 Town Watch
23:01 Wheelbarrow
22:44 Horse Collar
23:59 Loom
25:11 Bodkin Arrow
25:31 Leather Archer Armor
24:39 Crossbowman
25:25 Thumb Ring
29:10 Ballistics
32:38 Bow Saw
32:33 Heavy Plow
36:53 Imperial Age
34:54 Stone Mining
35:43 Elite Skirmisher
37:06 Gold Shaft Mining
37:06 Stone Shaft Mining
37:57 Arbalester
39:22 Conscription
41:12 Chemistry
41:38 Two-Man Saw
43:17 Onager
46:22 Bracer
46:53 Ring Archer Armor
54:01 Siege Onager
Oldtimer The Gray
0:28 Loom
11:45 Feudal Age
12:45 Double-Bit Axe
18:34 Castle Age
16:34 Horse Collar
16:47 Gold Mining
19:01 Forging
18:52 Scale Mail Armor
18:44 Fletching
21:44 Man-at-Arms
25:49 Heavy Plow
27:48 Bow Saw
27:32 Stone Mining
31:34 Wheelbarrow
32:08 Fortified Wall
31:53 Murder Holes
33:12 Iron Casting
32:52 Chain Mail Armor
37:05 Gold Shaft Mining
37:12 Hand Cart
36:43 Town Watch
39:21 Town Patrol
39:39 Scale Barding Armor
42:40 Imperial Age
39:38 Long Swordsman
41:39 Masonry
42:44 Ballistas
43:59 Crop Rotation
45:38 Conscription
46:12 Chain Barding Armor
47:25 Legionary
50:20 Heavy Scorpion
51:50 Ballistics
52:01 Architecture
51:37 Siege Engineers
59:32 Blast Furnace
Connection lost

Rejoining the realm…

Still unreachable

The connection could not be restored.

Session expired

The server has moved on; the page needs a fresh start.